[ PARTIDA AOE2 · #461889428 ]
UnrankedSicilianos vs Gurjaras
[ ANÁLISIS DE REPETICIÓN · EXTRAÍDO DE LA PARTIDA GRABADA ]
Feudal
—
Castillos
—
Imperial
—
| APM promedio | 57.2 |
| APM pico | 59 |
| eAPM promedio | 24.2 |
| Aldeanos / militares | 6 / 0 |
Foco
⚔️ 0.0% · 🌾 100.0%
Feudal
—
Castillos
—
Imperial
—
| APM promedio | 38.8 |
| APM pico | 40 |
| eAPM promedio | 25.2 |
| Aldeanos / militares | 4 / 0 |
Foco
⚔️ 20.0% · 🌾 80.0%
Feudal
—
Castillos
—
Imperial
—
| APM promedio | 34.9 |
| APM pico | 35 |
| eAPM promedio | 21.3 |
| Aldeanos / militares | 5 / 0 |
Foco
⚔️ 21.4% · 🌾 78.6%
Feudal
—
Castillos
—
Imperial
—
| APM promedio | 111.4 |
| APM pico | 114 |
| eAPM promedio | 26.2 |
| Aldeanos / militares | 9 / 0 |
Foco
⚔️ 31.2% · 🌾 68.8%
Feudal
—
Castillos
—
Imperial
—
| APM promedio | 32.0 |
| APM pico | 33 |
| eAPM promedio | 15.5 |
| Aldeanos / militares | 4 / 0 |
Foco
⚔️ 50.0% · 🌾 50.0%
Feudal
—
Castillos
—
Imperial
—
| APM promedio | 78.5 |
| APM pico | 78 |
| eAPM promedio | 21.3 |
| Aldeanos / militares | 4 / 0 |
Foco
⚔️ 27.8% · 🌾 72.2%
Feudal
—
Castillos
—
Imperial
—
| APM promedio | 17.4 |
| APM pico | 18 |
| eAPM promedio | 15.5 |
| Aldeanos / militares | 1 / 0 |
Foco
⚔️ 0.0% · 🌾 100.0%
Feudal
—
Castillos
—
Imperial
—
| APM promedio | 53.3 |
| APM pico | 52 |
| eAPM promedio | 23.3 |
| Aldeanos / militares | 5 / 0 |
Foco
⚔️ 23.5% · 🌾 76.5%
Mapa de la partida
Recursos iniciales + cada clic de construcción. Líneas = muros · curvas = relieve. ◆ oro · ⬟ piedra · ● bayas · ✦ reliquia · ◌ hueco del cierre
Tu base
Base de ButterNToastThe3rd
Base de ARKINE
Base de VN_DarK_KnighT_
Base de iturrA! LJ
Base de VN_KoNFeR
Base de nelson
Base de VN_MiLLeNcOlin
Terreno inicial suavizado · ◌ = hueco del cierre detectado · pasá el cursor para detalles
Inputs por minuto
— TEMPLE | Zko - - ButterNToastThe3rd
Build order — TEMPLE | Zko
8 acciones detectadas en el replay
| 0:00 | Crear | Villager (Male) |
| 0:05 | Crear | Villager (Male) |
| 0:10 | Construir | Mill |
| 0:11 | Crear | Villager (Male) |
| 0:11 | Crear | Villager (Male) |
| 0:29 | Construir | Lumber Camp |
| 0:56 | Crear | Villager (Male) |
| 0:56 | Crear | Villager (Male) |
Build order — ButterNToastThe3rd
6 acciones detectadas en el replay
| 0:01 | Crear | Villager (Male) |
| 0:04 | Construir | Lumber Camp |
| 0:10 | Construir | Mill |
| 0:19 | Crear | Villager (Male) |
| 0:19 | Crear | Villager (Male) |
| 0:19 | Crear | Villager (Male) |
Build order — ARKINE
7 acciones detectadas en el replay
| 0:01 | Crear | Villager (Male) |
| 0:08 | Construir | Mill |
| 0:13 | Crear | Villager (Male) |
| 0:14 | Crear | Villager (Male) |
| 0:14 | Crear | Villager (Male) |
| 0:14 | Crear | Villager (Male) |
| 0:38 | Construir | Lumber Camp |
Build order — VN_DarK_KnighT_
4 acciones detectadas en el replay
| 0:02 | Crear | Villager (Male) ×4 |
| 0:02 | Crear | Villager (Male) ×4 |
| 0:12 | Construir | Settlement |
| 0:44 | Crear | Villager (Male) |
Build order — iturrA! LJ
2 acciones detectadas en el replay
| 0:01 | Crear | Villager (Male) ×4 |
| 0:11 | Construir | Mill |
Build order — VN_KoNFeR
5 acciones detectadas en el replay
| 0:01 | Crear | Villager (Male) |
| 0:16 | Crear | Villager (Male) |
| 0:25 | Crear | Villager (Male) |
| 0:34 | Construir | Mill |
| 0:53 | Crear | Villager (Male) |
Build order — nelson
1 acciones detectadas en el replay
| 0:02 | Crear | Villager (Male) |
Build order — VN_MiLLeNcOlin
6 acciones detectadas en el replay
| 0:01 | Crear | Villager (Male) |
| 0:09 | Crear | Villager (Male) |
| 0:16 | Construir | Lumber Camp |
| 0:19 | Crear | Villager (Male) |
| 0:20 | Crear | Villager (Male) |
| 0:58 | Crear | Villager (Male) |
Cronología de la partida
| 0:16 | nelson · resign |
[ ANÁLISIS IA · 1 CRÉDITO ]
¿Qué pasó realmente en esta partida?
Wolo.gg analiza cada decisión: build order, eco, micro, errores típicos por bracket. Análisis personalizado por WhatsApp o Discord en 30 segundos.
Guía civ
Sicilianos
Perfil
Jugador #324005